 Dungeon Crawl Stone Soup version 0.30-a0-760-g5a9884bb7c (webtiles) character file.

Game seed: 6619715883867908145

65 Beavis the Thaumaturge (level 4, -1/34 HPs)
             Began as a Gnoll Wanderer on Feb 12, 2023.
             Slain by a goblin
             ... wielding a +0 club
             ... led by Robin
              (4 damage)
             ... on level 3 of the Dungeon.
             The game lasted 00:02:35 (1991 turns).

Beavis the Thaumaturge (Gnoll Wanderer)             Turns: 1991, Time: 00:02:36

Health: -1/34      AC:  4    Str: 10    XL:     4   Next: 14%
Magic:  15/15      EV: 12    Int: 16    God:
Gold:   112        SH:  0    Dex: 10    Spells: 16/21 levels left

rFire   . . .      SeeInvis .    a - +0 hand axe
rCold   . . .      Faith    .    (no shield)
rNeg    . . .      Spirit   .    d - +0 robe
rPois   .          Reflect  .    b - +0 helmet
rElec   .          Harm     .    (no cloak)
rCorr   .          Rampage  .    f - +0 pair of gloves
Will    .....                    (no boots)
Stlth   +                        (no amulet)
HPRegen 0.25/turn                (no ring)
MPRegen 0.14/turn                (no ring)

@: no status effects
A: fangs 1, strong nose, distributed training
a: no special abilities


You were on level 3 of the Dungeon.
You visited 1 branch of the dungeon, and saw 3 of its levels.

You collected 112 gold pieces.

Inventory:

Hand Weapons
 a - a +0 hand axe (weapon)
Armour
 b - a +0 helmet (worn)
 d - a +0 robe (worn)
 f - a +0 pair of gloves (worn)
Magical Staves
 m - a staff of conjuration
Scrolls
 n - 2 scrolls of blinking {unknown}
Potions
 c - 2 potions of haste
 g - a potion of degeneration {unknown}
 h - 2 potions of curing {unknown}
 j - a potion of lignification {unknown}
 k - a potion of ambrosia {unknown}


   Skills:
 + Level 2.7 Fighting
 + Level 1.1 Short Blades
 + Level 1.1 Long Blades
 + Level 4.6 Axes
 + Level 1.1 Maces & Flails
 + Level 1.1 Polearms
 + Level 1.1 Staves
 + Level 1.1 Ranged Weapons
 + Level 1.1 Throwing
 + Level 1.1 Armour
 + Level 2.7 Dodging
 + Level 1.1 Stealth
 + Level 1.1 Shields
 + Level 1.1 Unarmed Combat
 + Level 9.3 Spellcasting
 + Level 0.8 Conjurations
 + Level 0.8 Hexes
 + Level 0.8 Summonings
 + Level 0.8 Necromancy
 + Level 0.8 Translocations
 + Level 0.8 Transmutations
 + Level 0.8 Fire Magic
 + Level 0.8 Ice Magic
 + Level 0.8 Air Magic
 + Level 0.8 Earth Magic
 + Level 0.8 Poison Magic
 + Level 1.2 Invocations
 + Level 2.7 Evocations


You had 16 spell levels left.
You knew the following spells:

 Your Spells              Type           Power      Damage    Failure   Level
a - Lesser Beckoning      Tloc           20%        N/A       11%         2
k - Blink                 Tloc           20%        N/A       11%         2
y - Apportation           Tloc           20%        N/A       7%          1

Your spell library contained the following spells:

 Spells                   Type           Power      Damage    Failure   Level
 Foxfire                  Conj/Fire      40%        2x1d6     7%          1
 Momentum Strike          Conj/Tloc      20%        3d8       11%         2
 Poisonous Vapours        Pois/Air       20%        N/A       11%         2
 Gell's Gravitas          Tloc           10%        N/A       21%         3
 Summon Guardian Golem    Hex/Summ       10%        N/A       21%         3
 Fireball                 Conj/Fire      5%         3d5       88%         5
 Starburst                Conj/Fire      5%         6d4       100%        6


Dungeon Overview and Level Annotations

Branches:
Dungeon (3/15)

Altars:

Annotations:
D:3 Robin


Innate Abilities, Weirdness & Mutations

You have very sharp teeth.
Your uncanny sense of smell can sniff out nearby items.
Your experience applies equally to all skills.


Message History

The hobgoblin shouts!
You hear a shout! 2 goblins come into view.
The goblin shouts! x4
Robin throws the goblin at you! The goblin hits you with a +0 club.
You hit the goblin.
You kill the goblin!
You closely miss the goblin. The goblin closely misses you.
Robin throws the goblin at you!
A ball python comes into view.
You closely miss the goblin. x2; You barely miss the goblin.
The goblin barely misses you. The goblin closely misses you. x2
You hit the goblin.
The goblin is moderately wounded.
You barely miss the goblin. You hit the goblin. You barely miss the goblin.
The goblin hits you with a +0 club. The goblin barely misses you.
The goblin misses you. The goblin barely misses you.
You barely miss the goblin. You bite the goblin.
The goblin is heavily wounded.
You hit the goblin but do no damage. You hit the goblin.
You kill the goblin!
You barely miss the goblin. The goblin hits you with a +0 club. x2
Robin throws the goblin at you! The goblin hits you with a +0 dagger.
The goblin closely misses you.
You hit the goblin but do no damage.
The goblin is heavily wounded.
You hit the goblin but do no damage. You hit the goblin.
You kill the goblin!
You hit the goblin. The goblin barely misses you.
The goblin hits you with a +0 club. x2
* * * LOW HITPOINT WARNING * * *
As you read the scroll labelled TYEDDAUTUA, it crumbles to dust.
You hear a loud clanging noise!
It was a scroll of noise.
You hear a shout! x3
The goblin hits you with a +0 club.
* * * LOW HITPOINT WARNING * * *
The hobgoblin hits you.
* * * LOW HITPOINT WARNING * * *
The goblin hits you with a +0 club.
You die...

... !.## ## .... ....
...# .... #..# .#.#
#... .#####.g###.#>#
#... ......gg##..#.#
#... .....ggg##.##.#
#...
#@##.##.#######>..
#gg.....#......<..
..#.##..............
....$.....##.<.......
...#.##.##########...
#......##.# #...
#########.# #... #.#
#### #.#


You could see Robin, 3 hobgoblins and 4 goblins.

Vanquished Creatures
  An adder (D:2)
  A worm (D:2)
  A dart slug (D:1)
  4 ball pythons
  3 endoplasms (D:1)
  2 giant cockroaches (D:1)
  5 goblins
  3 hobgoblins
  12 jackals
  2 quokkas
  2 bats (D:2)
  2 frilled lizards (D:2)
  5 kobolds
  2 rats
45 creatures vanquished.

Notes
Turn   | Place    | Note
-------+----------+-------------------------------------------
     0 | D:1      | Reached skill level 9 in Spellcasting
     0 | D:1      | Beavis the Gnoll Wanderer began the quest for the Orb.
     0 | D:1      | Beavis set off with the following items: a +0 hand axe, a
                  | +0 helmet, a potion of haste, a +0 robe; and the following
                  | spell memorised: Apportation; and the following spells
                  | available to memorise: Poisonous Vapours, Gell's Gravitas,
                  | Summon Guardian Golem.
     0 | D:1      | Reached XP level 1. HP: 17/17 MP: 10/10
   198 | D:1      | Reached XP level 2. HP: 23/23 MP: 12/12
   522 | D:1      | Found a faded altar of an unknown god.
   575 | D:1      | Reached XP level 3. HP: 28/28 MP: 13/13
  1005 | D:2      | Reached skill level 1 in Invocations
  1356 | D:2      | Reached skill level 1 in Short Blades
  1356 | D:2      | Reached skill level 1 in Long Blades
  1356 | D:2      | Reached skill level 1 in Maces & Flails
  1356 | D:2      | Reached skill level 1 in Polearms
  1356 | D:2      | Reached skill level 1 in Staves
  1356 | D:2      | Reached skill level 1 in Ranged Weapons
  1356 | D:2      | Reached skill level 1 in Throwing
  1356 | D:2      | Reached skill level 1 in Armour
  1356 | D:2      | Reached skill level 1 in Stealth
  1356 | D:2      | Reached skill level 1 in Shields
  1356 | D:2      | Reached skill level 1 in Unarmed Combat
  1546 | D:2      | Reached XP level 4. HP: 32/34 MP: 15/15
  1948 | D:2      | Identified a scroll of acquirement
  1948 | D:2      | Acquired a book of Spatial Translocations
  1953 | D:2      | Learned a level 2 spell: Blink
  1956 | D:2      | Learned a level 2 spell: Lesser Beckoning
  1984 | D:3      | Noticed Robin
  1991 | D:3      | Slain by a goblin

Illustrated notes

Levels and vault maps discovered:
D:1:      minmay_arrival_plants_in_alcoves, layout_basic,
          hellmonk_ecumenical_altar_slurped_away
D:2:      layout_loops_corners, reono_crystal_passage
D:3:      layout_loops_cross, tgw_xom, serial_shops, nicolae_square_shop,
          hangedman_glass_teeth, uniq_robin

Skill      XL: |  1  2  3 |
---------------+----------+-----
Spellcasting   | |  9.3
Invocations    | 1 |  1.2
Short Blades   | 1 |  1.1
Long Blades    | 1 |  1.1
Maces & Flails | 1 |  1.1
Polearms       | 1 |  1.1
Staves         | 1 |  1.1
Ranged Weapons | 1 |  1.1
Throwing       | 1 |  1.1
Armour         | 1 |  1.1
Stealth        | 1 |  1.1
Shields        | 1 |  1.1
Unarmed Combat | 1 |  1.1
Fighting       | |  2.7
Axes           | |  4.6
Dodging        | |  2.7
Conjurations   | |  0.8
Hexes          | |  0.8
Summonings     | |  0.8
Necromancy     | |  0.8
Translocations | |  0.8
Transmutations | |  0.8
Fire Magic     | |  0.8
Ice Magic      | |  0.8
Air Magic      | |  0.8
Earth Magic    | |  0.8
Poison Magic   | |  0.8
Evocations     | |  2.7

Action                     |  1- 3 |  4- 6 || total
---------------------------+-------+-------++-------
  Melee: Hand axe          |   124 |    20 ||   144
         Bite              |    10 |     2 ||    12
         Punch             |     3 |       ||     3
    Use: Scroll            |       |     4 ||     4
   Stab: Sleeping          |     2 |       ||     2
 Armour: Robe              |    29 |    12 ||    41
  Dodge: Dodged            |    81 |    23 ||   104

Table legend: (Time is in decaauts)
 A = Elapsed time spent in this place.
 B = Non-inter-level travel time spent in this place.
 C = Inter-level travel time spent in this place.
 D = Time resting spent in this place.
 E = Time spent auto-exploring this place.
 F = Levels seen in this place.
 G = Mean time per level.
                   A        B        C        D        E       F      G
               +--------+--------+--------+--------+--------+-----+--------+
         Total |   2000 |   1951 |     49 |    131 |   1471 |   3 |  666.7 |
       Dungeon |   2000 |   1951 |     49 |    131 |   1471 |   3 |  666.7 |
               +--------+--------+--------+--------+--------+-----+--------+

Top non-repeatable levels by time:
     D:2: 1028 daAuts
     D:1: 950 daAuts
     D:3: 21 daAuts
